 Dungeon Crawl Stone Soup version 0.30-a0-845-g7c6808c8ce (webtiles) character file.

Game seed: 3817325234859540959

4 lunkers the Slasher (level 1, -1/17 HPs)
             Began as a Meteoran Gladiator on Mar 2, 2023.
             Slain by a kobold
             ... wielding a +0 whip
              (5 damage)
             ... on level 2 of the Dungeon.
             The game lasted 00:00:11 (61 turns).

lunkers the Slasher (Meteoran Gladiator)              Turns: 61, Time: 00:00:12

Health: -1/17      AC:  4    Str: 15    XL:     1   Next: 85%
Magic:  2/2        EV: 13    Int:  9    God:
Gold:   0          SH:  0    Dex: 15    Spells: 0/0 levels left

rFire   . . .      SeeInvis .    a - +0 long sword
rCold   . . .      Faith    .    (no shield)
rNeg    . . .      Spirit   .    b - +0 leather armour
rPois   .          Reflect  .    c - +0 helmet
rElec   .          Rampage  .    (no cloak)
rCorr   .                        (no gloves)
Will    .....                    (no boots)
Stlth   +                        (no amulet)
HPRegen 0.22/turn                (no ring)
MPRegen 0.08/turn                (no ring)

@: glowing
A: sense surroundings 1, otherworldly, glowing, explore regen
a: no special abilities


You were on level 2 of the Dungeon.
You visited 1 branch of the dungeon, and saw 2 of its levels.

Inventory:

Hand Weapons
 a - a +0 long sword (weapon)
Missiles
 d - 3 throwing nets
 e - a javelin
Armour
 b - a +0 leather armour (worn)
 c - a +0 helmet (worn)


   Skills:
 - Level 2.1 Fighting
 + Level 4.0 Long Blades
 - Level 2.4 Throwing
 - Level 3.6 Dodging


You couldn't memorise any spells.
You didn't know any spells.
Your spell library was empty.

Dungeon Overview and Level Annotations

Branches:
Dungeon (2/15) Zot: 1135

Altars:


Innate Abilities, Weirdness & Mutations

You passively map a small area around you.
You are easily found by Zot.
You glow in the dark.
You regain HP and MP as you explore.


Message History

A rat is nearby!
A dart slug comes into view.
The rat bites you but does no damage.
You barely miss the rat. The rat barely misses you.
You slash the rat!
You kill the rat!
The dart slug launches a dart at you. The slug dart hits you.
You see here a rat corpse.
Found 10 gold pieces.
The dart slug barely misses you.
You slash the dart slug!
You kill the dart slug!
Your Long Blades skill increases to level 4!
No target in view!
A sourceless malevolence fills the Dungeon...
You fall into a shaft and drop 1 floor!
The shaft crumbles and collapses.
Found a robe, a scroll labelled BACUTW IMIO and a ring mail.
Found a stone staircase leading up.
A kobold comes into view. It is wielding a +0 whip.
The kobold shouts!
A kobold is nearby!
You closely miss the kobold. The kobold barely misses you.
You hit the kobold but do no damage. The kobold closely misses you.
You barely miss the kobold. The kobold hits you with a +0 whip.
You closely miss the kobold. The kobold barely misses you.
You hit the kobold but do no damage. The kobold hits you with a +0 whip.
* * * LOW HITPOINT WARNING * * *
The kobold hits you with a +0 whip.
* * * LOW HITPOINT WARNING * * *
You miss the kobold. The kobold hits you but does no damage.
You barely miss the kobold. The kobold hits you but does no damage.
You hit the kobold but do no damage. The kobold closely misses you.
You hit the kobold but do no damage. The kobold hits you with a +0 whip.
* * * LOW HITPOINT WARNING * * *
You hit the kobold.
The kobold is heavily wounded.
The kobold hits you with a +0 whip.
You die...

, , , .... , ,
,...#### , ,
.....# ,, *....# *
#...# * , , #...#
######
#.K.####......
.###..@##.......#
...[.......##.####
, ........^### ,
,.......... ,
...?.....## * ,
.........#
........<#
,...[.....# , *
........# *


You could see a kobold.

Vanquished Creatures
  A dart slug (D:1)
  A goblin (D:1)
  A rat (D:1)
3 creatures vanquished.

Notes
Turn   | Place    | Note
-------+----------+-------------------------------------------
     0 | D:1      | lunkers the Meteoran Gladiator began the quest for the Orb.
     0 | D:1      | Reached XP level 1. HP: 17/17 MP: 2/2
    47 | D:1      | Reached skill level 4 in Long Blades
    47 | D:1      | You fall into a shaft and drop 1 floor!
    61 | D:2      | Slain by a kobold

Illustrated notes

Levels and vault maps discovered:
D:1:      nicolae_arrival_somewhat_less_tricky_arrival, layout_loops_ring,
          shapermc_ecumenical_altar_venn
D:2:      layout_rooms

Skill      XL: |  1 |
---------------+----+-----
Long Blades    | 4 |  4.0
Fighting       | |  2.1
Throwing       | |  2.4
Dodging        | |  3.6

Action                     || total
---------------------------++-------
  Melee: Long sword        ||    16
 Armour: Leather armour    ||     3
  Dodge: Dodged            ||     7

Table legend: (Time is in decaauts)
 A = Elapsed time spent in this place.
 B = Non-inter-level travel time spent in this place.
 C = Inter-level travel time spent in this place.
 D = Time resting spent in this place.
 E = Time spent auto-exploring this place.
 F = Levels seen in this place.
 G = Mean time per level.
                   A        B        C        D        E       F      G
               +--------+--------+--------+--------+--------+-----+--------+
         Total |     63 |     63 |      0 |      0 |     32 |   2 |   31.5 |
       Dungeon |     63 |     63 |      0 |      0 |     32 |   2 |   31.5 |
               +--------+--------+--------+--------+--------+-----+--------+

Top non-repeatable levels by time:
     D:1: 48 daAuts
     D:2: 15 daAuts
